 Dungeon Crawl Stone Soup version 0.32-a0-791-gfc315c9ecd (webtiles) character file.

Game seed: 8895716740156580324

9350 Kenran the Grappler (level 11, 0/89 HPs)
             Began as a Minotaur Alchemist on Mar 20, 2024.
             Was a Believer of Hepliaklqana.
             Slain by Snorg (14 damage)
             ... on level 11 of the Dungeon.
             The game lasted 00:17:01 (10870 turns).

Kenran the Grappler (Minotaur Alchemist)           Turns: 10870, Time: 00:17:02

Health: 0/89       AC: 21    Str: 16    XL:     11   Next: 21%
Magic:  12/12      EV:  5    Int: 12    God:    Hepliaklqana [**....]
Gold:   611        SH:  0    Dex: 12    Spells: 11/12 levels left

rFire   + .          .
                       - Unarmed
rCold   + . .        (no shield)
rNeg    . . .        G - +0 plate armour
rPois   .            c - +1 hat
rElec   .            s - +0 cloak
rCorr   +            i - +0 pair of gloves "Socy" {rF+ rCorr}
SInv    .            H - +2 pair of boots
Will    .....        w - amulet of regeneration Stlth
                     t - ring of protection from cold
HPRegen 1.14/turn    (no ring)
MPRegen 0.13/turn

%: no passive effects
@: no status effects
A: reduced essence, horns 2, retaliatory headbutt
a: Renounce Religion, Recall Ancestor, Ancestor Identity


You were on level 11 of the Dungeon.
You worshipped Hepliaklqana.
Hepliaklqana was pleased with you.
You visited 2 branches of the dungeon, and saw 12 of its levels.

You collected 611 gold pieces.

Inventory:

Missiles
 o - 11 curare-tipped darts
 q - 4 throwing nets
Armour
 c - a +1 hat (worn)
 i - the +0 pair of gloves "Socy" (worn) {rF+ rCorr}
   (You acquired it on level 6 of the Dungeon)

   rF+:       It protects you from fire.
   rCorr:     It protects you from acid and corrosion.
 s - a +0 cloak (worn)
 G - a +0 plate armour (worn)
 H - a +2 pair of boots (worn)
Jewellery
 t - a ring of protection from cold (left hand)
 w - an amulet of regeneration (around neck)
Wands
 d - a wand of flame (11)
 f - a wand of quicksilver (17)
 y - a wand of digging (3)
 D - a wand of roots (19)
 F - a wand of paralysis (10)
Scrolls
 e - 3 scrolls of enchant weapon
 g - 3 scrolls of teleportation
 h - a scroll of blinking
 j - 4 scrolls of poison {!r}
 l - 3 scrolls of brand weapon
 B - a scroll of fear {unknown}
 E - 2 scrolls of vulnerability {unknown}
Potions
 a - a potion of attraction {unknown}
 b - 2 potions of magic
 k - a potion of lignification {!q}
 m - 3 potions of resistance {unknown}
 n - 3 potions of enlightenment
 p - 2 potions of brilliance {unknown}
 u - a potion of degeneration {unknown}
 v - a potion of might {unknown}
 x - a potion of berserk rage {!q}
 z - a potion of ambrosia
 A - a potion of heal wounds {unknown}
 C - a potion of invisibility


   Skills:
 + Level 9.7 Fighting
 + Level 9.7 Armour
 - Level 2.1 Dodging
 - Level 1.5 Stealth
 * Level 14.3 Unarmed Combat
 - Level 1.3 Spellcasting
 - Level 0.6 Conjurations
 - Level 2.1 Alchemy


You had 11 spell levels left.
You knew the following spells:

 Your Spells              Type           Power      Damage    Failure   Level
a - Sting                 Conj/Alch      16%        1d4       99%         1

Your spell library contained the following spells:

 Spells                   Type           Power      Damage    Failure   Level
 Necrotise                Necr           0%         1d4       100%        1
 Sandblast                Erth           0%         2d4       100%        1
 Mercury Vapours          Alch/Air       6%         N/A       100%        2
 Call Canine Familiar     Summ           0%         N/A       100%        3
 Dazzling Flash           Conj/Hex       2%         N/A       100%        3
 Mephitic Cloud           Conj/Alch/Air  3%         N/A       100%        3
 Passwall                 Erth           0%         N/A       100%        3
 Sigil of Binding         Hex            0%         N/A       100%        3
 Stone Arrow              Conj/Erth      2%         3d7       100%        3
 Vampiric Draining        Necr           0%         2d6       100%        3
 Volatile Blastmotes      Fire/Tloc      0%         2d10      100%        3
 Animate Armour           Summ/Erth      0%         N/A       100%        4
 Brom's Barrelling Bould  Conj/Erth      1%         2d3       100%        4
 Dimensional Bullseye     Hex/Tloc       0%         N/A       100%        4
 Fulminant Prism          Conj/Alch      2%         3d5       100%        4
 Iskenderun's Mystic Bla  Conj/Tloc      1%         2d3       100%        4
 Martyr's Knell           Necr/Summ      0%         N/A       100%        4
 Olgreb's Toxic Radiance  Alch           6%         N/A       100%        4
 Sticky Flame             Fire/Alch      3%         2d4       100%        4
 Curse of Agony           Necr           0%         N/A       100%        5
 Lee's Rapid Deconstruct  Erth           0%         3d4*      100%        5
 Starburst                Conj/Fire      0%         6d3       100%        6
 Lehudib's Crystal Spear  Conj/Erth      0%         10d2      100%        8
 Maxwell's Capacitive Co  Air            0%         ∞         100%        8


Dungeon Overview and Level Annotations

Branches:
Dungeon (11/15)            Temple (1/1) D:4            Lair (0/5) D:8
    Orc: D:9-12

Altars:
Ashenzari
Cheibriados
Dithmenos
Elyvilon
Fedhas
Gozag
Hepliaklqana
Kikubaaqudgha
Makhleb
Nemelex Xobeh
Okawaru
Qazlal
Ru
Sif Muna
Trog
Uskayaw
Vehumet
Wu Jian
Xom
Yredelemnul
Zin
The Shining One

Annotations:
D:1 exclusion: downstairs
D:3 1 runed translucent door, Crazy Yiuf
D:6 2 runed translucent doors, Zaque's ghost, novice TrBr
D:8 2 transporters, Pascal76's ghost, novice MiFi
D:10 2 transporters
D:11 Snorg


Innate Abilities, Weirdness & Mutations

Your life essence is reduced to manifest your ancestor. (-10% HP)
You have a pair of horns on your head.
You reflexively headbutt those who attack you in melee.


Message History

Snorg bites you! Snorg claws you but does no damage. x2
You hit Snorg.
Snorg is moderately wounded.
You barely miss Snorg. Your punch misses Snorg.
Snorg is moderately wounded.
Bustrorgh barely misses Snorg.
Snorg shakes off her lethargy.
Snorg goes berserk!
Bustrorgh hits Snorg with a +0 dagger of draining.
You pummel Snorg!! You headbutt Snorg.
Snorg is heavily wounded.
Bustrorgh casts a spell at Snorg.
Snorg resists with almost no effort.
Snorg bites Bustrorgh!
Snorg claws Bustrorgh.
Snorg claws Bustrorgh!!
Bustrorgh is destroyed!
You barely miss Snorg.
Snorg shouts!
Snorg is heavily wounded.
Snorg bites you! Snorg claws you! Snorg claws you.
You are too injured to fight recklessly!
You hit Snorg but do no damage.
Snorg is heavily wounded.
Snorg bites you! Snorg claws you but does no damage. x2
You punch Snorg! You headbutt Snorg.
Snorg is severely wounded.
Snorg bites you but does no damage. Snorg claws you but does no damage. x2
You pummel Snorg!!
Snorg is severely wounded.
Snorg bites you but does no damage. Snorg barely misses you. Snorg claws you!
You pummel Snorg!!
Snorg is almost dead.
Snorg bites you!
* * * LOW HITPOINT WARNING * * *
Snorg claws you!
* * * LOW HITPOINT WARNING * * *
Snorg claws you but does no damage.
You barely miss Snorg.
Snorg is almost dead.
Snorg bites you but does no damage. Snorg claws you!
You die...
Hepliaklqana delivers you to your ancestors.

#.#.###.##......#.###.#
#.#.# #.##.#......†...#
#.#.# #..........T#####
###.#.# ####.##.#####
#.....# #.##.#
#.#.#.######.##'##
#.#.#........#...##
#.#.#.#######T....##
#.....## ##@......#
#######^...####)........
...>..........')........
###........####)..^.....
#.###.#..# ##.......#
#.# #.##.# ##.....## #.#
#.##.# #...## #.###.##.#
#+## #......).#
#####.####


You could see Snorg (berserk).

Vanquished Creatures
  Erica (D:9)
  An ugly thing (D:11)
  A kobold demonologist (D:8)
  The ghost of AeshMezareph the Trooper, an amateur OnWr (D:4)
  2 vampire mosquitoes (D:10)
  15 yaks
  Menkaure (D:5)
  Edmund (D:4)
  2 acid dragons
  An ice beast (D:7)
  2 sky beasts
  2 orc warriors
  A black bear (D:6)
  An ogre (D:7)
  7 centaurs
  A phantom (D:7)
  9 kobold brigands
  2 bullfrogs (D:8)
  A scorpion (D:7)
  8 wights (D:8)
  6 killer bees (D:8)
  A howler monkey (D:4)
  A bombardier beetle (D:4)
  2 hounds (D:4)
  3 orc priests
  A jelly (D:8)
  A gnoll bouda (D:6)
  2 iguanas
  2 sleepcaps
  2 orc wizards (D:9)
  A hexer (D:8)
  Robin (D:4)
  8 adders
  8 gnolls
  A white imp (D:5)
  2 ufetubi (D:7)
  2 dart slugs
  19 orcs
  7 ball pythons
  5 endoplasms
  3 giant cockroaches
  5 hobgoblins
  5 jackals
  27 kobolds
  4 quokkas
  7 bats
  2 frilled lizards
  14 goblins
  A rat (D:1)
203 creatures vanquished.

Vanquished Creatures (collateral kills)
  Sigmund (D:2)
  A yak (D:5)
  A basilisk (shapeshifter) (D:7)
  A steam dragon (D:9)
  An acid dragon (D:10)
  3 orc warriors
  6 kobold brigands
  A wight (D:7)
  An orc priest (D:10)
  A jelly (D:7)
  2 orc wizards
  3 gnolls (D:6)
  4 orcs
  6 kobolds
32 creatures vanquished.

Vanquished Creatures (others)
  A kobold demonologist (D:9)
  3 hexers
  4 ancestors
  A kobold (D:9)
9 creatures vanquished.

Grand Total: 244 creatures vanquished

Notes
Turn   | Place    | Note
-------+----------+-------------------------------------------
     0 | D:1      | Kenran the Minotaur Alchemist began the quest for the Orb.
     0 | D:1      | Reached XP level 1. HP: 14/14 MP: 1/1
   250 | D:1      | Reached skill level 1 in Unarmed Combat
   380 | D:1      | Reached XP level 2. HP: 20/20 MP: 3/3
   751 | D:1      | Reached skill level 2 in Unarmed Combat
  1712 | D:2      | Found a shimmering blue altar of Sif Muna.
  1717 | D:2      | Noticed Sigmund
  1829 | D:2      | Reached XP level 3. HP: 20/26 MP: 4/4
  1878 | D:2      | Reached skill level 3 in Unarmed Combat
  2384 | D:2      | Identified the +10 spear "Batiaf" {venom, rPois rF- rN+
                  | Int+6}
  2515 | D:3      | Found a runed translucent door.
  2516 | D:3      | Noticed Crazy Yiuf
  2574 | D:3      | Reached skill level 4 in Unarmed Combat
  2623 | D:3      | Reached XP level 4. HP: 32/33 MP: 5/5
  3333 | D:4      | Reached skill level 5 in Unarmed Combat
  3333 | D:4      | Reached XP level 5. HP: 28/38 MP: 6/6
  3407 | D:4      | Identified the +2 sling of Fate {drain, Fly rC- Int+5}
  3594 | D:4      | Found a staircase to the Ecumenical Temple.
  3612 | D:4      | Got the Anthology of Topomancy
  3620 | Temple   | Entered the Ecumenical Temple
  3626 | Temple   | Became a worshipper of Hepliaklqana the Forgotten
  3658 | D:4      | Noticed Edmund
  3678 | D:4      | Killed Edmund
  3679 | D:4      | Reached skill level 6 in Unarmed Combat
  3679 | D:4      | Reached XP level 6. HP: 25/45 MP: 7/7
  3915 | D:4      | Reached skill level 7 in Unarmed Combat
  3971 | D:4      | Noticed Robin
  3990 | D:4      | Killed Robin
  3994 | D:4      | Found a runed translucent gate.
  3995 | D:4      | Found a runed translucent gate.
  3995 | D:4      | Noticed AeshMezareph's ghost (amateur OnWr)
  3996 | D:4      | Found a runed translucent gate.
  4193 | D:5      | Entered Level 5 of the Dungeon
  4239 | D:5      | Reached skill level 1 in Fighting
  4259 | D:5      | Reached skill level 1 in Armour
  4383 | D:5      | Reached * piety under Hepliaklqana
  4387 | D:5      | Noticed Menkaure
  4399 | D:5      | Killed Menkaure
  4400 | D:5      | Reached XP level 7. HP: 30/49 MP: 8/8
  4886 | D:5      | Noticed a yak
  4898 | D:5      | Noticed a yak
  4898 | D:5      | Noticed a yak
  4914 | D:6      | Killed a yak
  4922 | D:6      | Identified a scroll of acquirement
  4925 | D:6      | Acquired the +0 pair of gloves "Socy" {rF+ rCorr}
  5198 | D:7      | Reached skill level 5 in Armour
  5372 | D:7      | Reached skill level 8 in Unarmed Combat
  5372 | D:7      | Reached XP level 8. HP: 59/59 MP: 9/9
  5725 | D:7      | Reached ** piety under Hepliaklqana
  5726 | D:7      | Remembered your ancestor Bustrorgh as a hexer
  6028 | D:7      | Found a faded altar of an unknown god.
  6028 | D:7      | Found the Hermit's Pendant {Faith Invo=14 Evo=0 MP+5}
  6038 | D:7      | Reached skill level 5 in Fighting
  6093 | D:7      | Reached skill level 9 in Unarmed Combat
  6470 | D:6      | Reached skill level 10 in Unarmed Combat
  6552 | D:6      | Found a runed translucent door.
  6558 | D:6      | Noticed Zaque's ghost (novice TrBr)
  6588 | D:6      | Found a runed translucent door.
  6809 | D:5      | Reached XP level 9. HP: 40/67 MP: 18/18
  7737 | D:4      | Killed AeshMezareph's ghost
  7883 | D:2      | Killed Sigmund
  7884 | D:2      | Reached skill level 11 in Unarmed Combat
  8160 | D:8      | Noticed a kobold demonologist
  8174 | D:8      | Killed a kobold demonologist
  8635 | D:8      | Reached skill level 12 in Unarmed Combat
  8666 | D:8      | Noticed Pascal76's ghost (novice MiFi)
  8673 | D:8      | Found a transporter.
  8677 | D:8      | Found a transporter.
  8680 | D:8      | Noticed a queen bee
  8728 | D:8      | Reached XP level 10. HP: 32/76 MP: 19/19
  8972 | D:8      | Found a blossoming altar of Fedhas.
  9081 | D:8      | Reached *** piety under Hepliaklqana
  9087 | D:8      | Found a staircase to the Lair.
  9483 | D:9      | Found a sacrificial altar of Ru.
  9674 | D:9      | Reached skill level 13 in Unarmed Combat
  9808 | D:9      | Noticed a rust devil
  9814 | D:9      | Noticed a smoke demon
  9816 | D:9      | Noticed a smoke demon
  9946 | D:9      | Noticed Erica
  9962 | D:9      | Killed Erica
 10075 | D:10     | Entered Level 10 of the Dungeon
 10112 | D:10     | Found a basalt altar of Yredelemnul.
 10186 | D:10     | Found a transporter.
 10256 | D:10     | Found a transporter.
 10316 | D:10     | Reached XP level 11. HP: 67/87 MP: 12/12
 10584 | D:11     | Reached skill level 14 in Unarmed Combat
 10622 | D:11     | Noticed a cyan ugly thing
 10622 | D:11     | Noticed Snorg
 10627 | D:11     | Killed a cyan ugly thing
 10870 | D:11     | Slain by Snorg

Illustrated notes

Levels and vault maps discovered:
D:1:      erik_arrival_cave_to_civilisation [erik_arrival_cave_to_hall],
          layout_basic, minmay_worlds_worst_comb
D:2:      kennysheep_big_flooded_room, layout_rooms, basic_altar,
          nicolae_figureground_sparkle, uniq_sigmund
D:3:      layout_loops_ring, uniq_crazy_yiuf_cottage
D:4:      layout_basic, minmay_temple_entry_offerings,
          gammafunk_ghost_nasty_kobolds, nicolae_the_louvre, uniq_edmund,
          uniq_robin
D:5:      layout_loops_ring, kennysheep_small_circle, uniq_menkaure
D:6:      layout_layer_cave, ebering_ghost_sewer_f
D:7:      layout_loops_corners, nrook_mini_backslash,
          hellmonk_guarded_unrand_hermit
D:8:      layout_loops_ring, fedhas_altar_3, lair_entry_dummy,
          gammafunk_ghost_hive, special_room [special_room_kobold],
          small_statue_intersection
D:9:      layout_roguey, old_standard_altar, uniq_erica
D:10:     gammafunk_worm_tunnel, layout_rooms, kennysheep_mini
D:11:     layout_loops_corners, erik_orc_1, uniq_snorg, uniq_maurice
Temple:   nicolae_temple_bog_church

Skill      XL: |  1  2  3  4  5  6  7  8  9 10 11 |
---------------+----------------------------------+-----
Unarmed Combat | 1 2 4 5 6 7 8 10 12 13 14 | 14.3
Fighting       | 2 4 5 7 9 |  9.7
Armour         | 3 5 7 9 |  9.7
Dodging        | |  2.1
Stealth        | |  1.5
Spellcasting   | |  1.3
Conjurations   | |  0.6
Alchemy        | |  2.1

Action                     |  1- 3 |  4- 6 |  7- 9 | 10-12 || total
---------------------------+-------+-------+-------+-------++-------
  Melee: Unarmed           |   111 |   126 |   240 |   237 ||   714
         Headbutt          |    15 |    12 |    41 |    52 ||   120
         Punch             |     3 |     2 |    13 |    21 ||    39
 Invoke: Ancestor Life: He |       |       |     1 |       ||     1
    Use: Scroll            |     3 |     3 |     5 |     2 ||    13
         Potion            |       |     6 |     2 |       ||     8
   Stab: Distracted        |       |       |     2 |     4 ||     6
         Confused          |       |       |     3 |     1 ||     4
 Armour: Chain mail        |   107 |    94 |   204 |    34 ||   439
         Skin              |       |    38 |       |       ||    38
         Plate armour      |       |       |       |   227 ||   227
  Dodge: Dodged            |    36 |    27 |    68 |    50 ||   181

Table legend: (Time is in decaauts)
 A = Elapsed time spent in this place.
 B = Non-inter-level travel time spent in this place.
 C = Inter-level travel time spent in this place.
 D = Time resting spent in this place.
 E = Time spent auto-exploring this place.
 F = Levels seen in this place.
 G = Mean time per level.
                   A        B        C        D        E       F      G
               +--------+--------+--------+--------+--------+-----+--------+
         Total |  10781 |  10083 |    698 |   1299 |   6720 |  12 |  898.4 |
       Dungeon |  10766 |  10074 |    692 |   1299 |   6720 |  11 |  978.7 |
        Temple |     15 |      9 |      6 |      0 |      0 |   1 |   15.0 |
               +--------+--------+--------+--------+--------+-----+--------+

Top non-repeatable levels by time:
     D:1: 1885 daAuts
     D:5: 1638 daAuts
     D:7: 1533 daAuts
     D:8: 1066 daAuts
     D:3: 963 daAuts
     D:4: 954 daAuts
     D:6: 712 daAuts
     D:2: 660 daAuts
     D:9: 587 daAuts
    D:10: 461 daAuts
    D:11: 302 daAuts
  Temple: 15 daAuts
